[Event "16th EWICC 2015"]
[Site "Kutaisi"]
[Date "2015.06.03"]
[Round "11"]
[White "Gaponenko, Inna"]
[Black "Sviridova, Vlada"]
[Result "1-0"]
[ECO "C01"]
[WhiteElo "2391"]
[BlackElo "2087"]
[Annotator "Robot 11"]
[PlyCount "113"]
[EventDate "2015.??.??"]
[EventCountry "GEO"]
[TimeControl "900+10"]

1. e4 e6 2. d4 d5 3. exd5 exd5 4. Nf3 Bd6 5. c4 dxc4 6. Bxc4 Nf6 7. O-O O-O 8. Nc3 Nc6 9. h3 h6 10. Re1 Bf5 11. Ne5 Bxe5 12. dxe5 Qxd1 13. Nxd1 Nd7 14. f4 Nb6 15. Bf1 Nd4 16. Ne3 Bh7 17. b3 f6 18.
Ba3 Rfe8 19. Rad1 fxe5 20. fxe5 Rad8 21. Bc5 Ne6 22. Rxd8 Nxd8 23. Bxb6 axb6 24. Bc4+ Kh8 25. Rd1 Be4 26. Rd7 Nc6 27. Rxc7 Nxe5 28. Bd5 Bxd5 29. Nxd5 Nd3 30. Rxb7 Re1+ 31. Kh2 Re2 32. a4 Ne1 33.
Nf4 Rb2 34. Rxb6 g5 35. Rxh6+ Kg7 36. Re6 Nf3+ 37. Kg3 Nd4 38.
Rg6+ Kf7 39. Rxg5 Rxb3+ 40. Kg4 Rb4 41. a5 Ra4 42. h4 Ne6 43.
Rf5+ Kg7 44. g3 Nd4 45. Rc5 Nb3 46. Rc7+ Kh6 47. Rc6+ Kh7 48. a6 Nd4 49. Rb6 Nc2 50. Kg5 Ra5+ 51. Kf6 Ne3 52. Ke6 Nf5 53. Kd7 Nxg3 54. Kc7 Ne4 55. Ne6 Nc3 56. Kb7 Nd5 57. Rb3 1-0

[Event "16th EWICC 2015"]
[Site "Kutaisi"]
[Date "2015.06.03"]
[Round "11"]
[White "Gaprindashvili, Nona"]
[Black "Vakhania, Alexandra"]
[Result "1-0"]
[ECO "D11"]
[WhiteElo "2302"]
[BlackElo "2130"]
[Annotator "Robot 11"]
[PlyCount "69"]
[EventDate "2015.??.??"]
[EventCountry "GEO"]
[TimeControl "900+10"]

1. d4 d5 2. c4 c6 3. Nf3 Nf6 4. Qb3 g6 5. Nc3 Bg7 6. cxd5 cxd5 7. Bg5 e6 8. e3 O-O 9. Bd3 h6 10. Bf4 Nc6 11. O-O Re8 12. h3 a6 13. Na4 b5 14.
Nc5 Nd7 15. Rfc1 Na5 16. Qc3 Nc4 17. Nxd7 Qxd7 18. b3 Nd6 19. Ne5 Qd8 20. Qc7 Bf8 21. a4 Qxc7 22. Rxc7 bxa4 23. bxa4 g5 24. Bg3 Rb8 25. Ng4 Rd8 26. Nf6+ Kg7 27. Be5 Rb7 28. Rc6 Nf5 29. Rac1 Ne7 30. Nxd5+ Kg8 31. Nxe7+ Bxe7 32. Rxc8 f6 33. Rxd8+ Bxd8 34.
Rc8 Rd7 35. Bxf6 1-0

[Event "16th EWICC 2015"]
[Site "Kutaisi"]
[Date "2015.06.03"]
[Round "11"]
[White "Javakhishvili, Lela"]
[Black "Gvetadze, Sofio"]
[Result "1-0"]
[ECO "D32"]
[WhiteElo "2472"]
[BlackElo "2319"]
[Annotator "Robot 11"]
[PlyCount "95"]
[EventDate "2015.??.??"]
[EventCountry "GEO"]
[TimeControl "900+10"]

1. d4 d5 2. c4 e6 3. Nc3 c5 4. cxd5 exd5 5. Nf3 Nc6 6. dxc5 d4 7. Na4 Bxc5 8. Nxc5 Qa5+ 9. Bd2 Qxc5 10. Rc1 Qb6 11. e3 Nf6 12. Nxd4 Nxd4 13. exd4 Qxd4 14. Bb5+ Bd7 15. Qe2+ Kf8 16.
Bxd7 Qxd7 17. O-O Re8 18. Be3 Kg8 19. Rfd1 Qf5 20. Qd3 Qa5 21. Qb3 b5 22. Rc5 a6 23. h3 h6 24. Rc6 b4 25. Bd4 Qf5 26.
Rxa6 Ne4 27. Ra7 Re6 28. Qxb4 Kh7 29. Ra5 Qg6 30. Be3 Rhe8 31.
Qc4 f5 32. Qd3 Qf6 33. Bd4 Qh4 34. Ra7 Rg6 35. Qf3 Rf8 36. Be3 Rff6 37. Rdd7 Ng5 38. Bxg5 Rxg5 39. Kh2 Qb4 40. Rab7 Qa4 41. a3 Rfg6 42. g3 f4 43. g4 h5 44. Qd3 Kh6 45. Rd8 Re5 46. Rh8+ Kg5 47. Rxh5+ Kf6 48. Rb6+ 1-0

[Event "16th EWICC 2015"]
[Site "Kutaisi"]
[Date "2015.06.03"]
[Round "11"]
[White "Mammadova, Gulnar"]
[Black "Nikoladze, Sopio"]
[Result "1-0"]
[ECO "C41"]
[WhiteElo "2293"]
[BlackElo "2155"]
[Annotator "Robot 11"]
[PlyCount "131"]
[EventDate "2015.??.??"]
[EventCountry "GEO"]
[TimeControl "900+10"]

1. e4 e5 2. Nf3 d6 3. d4 exd4 4. Nxd4 Nf6 5. Nc3 Be7 6. Bc4 O-O 7. O-O Nxe4 8. Nxe4 d5 9. Bd3 dxe4 10. Bxe4 Bf6 11. Nb5 a6 12. Qxd8 Bxd8 13. Nc3 Nd7 14. Be3 Nf6 15. Bf3 c6 16. Bc5 Re8 17. Rfe1 Rxe1+ 18. Rxe1 Bf5 19. g4 Be6 20. h3 h6 21. Rd1 Rc8 22. Ne2 b6 23.
Bd6 Bd5 24. Bxd5 Nxd5 25. c4 Nc7 26. Kg2 c5 27. Be5 Ne6 28.
f4 Kf8 29. f5 Nc7 30. Kf3 Ne8 31. Nc3 Bf6 32. Bxf6 Nxf6 33. Rd6 Rb8 34. Na4 b5 35. Nxc5 bxc4 36. Rxf6 Rc8 37. Nd7+ Ke7 38. Nb6 Rc5 39. Na4 Ra5 40. Rc6 Rxa4 41. a3 Kd7 42. Rc5 Kd6 43. Rc8 Kd7 44. Rc5 Kd6 45. Rc8 Kd7 46. Rg8 c3 47. bxc3 Rxa3 48. Rxg7 Rxc3+ 49. Kf4 Ke7 50. h4 a5 51. Rg8 a4 52. Ra8 Rc4+ 53. Ke5 Rxg4 54. Ra7+ Ke8 55. h5 Rh4 56. Kf6 Rxh5 57. Rxa4 Rg5 58. Ra8+ Kd7 59. Rf8 Rg1 60. Kxf7 h5 61. Rh8 Ra1 62. f6 Kd6 63. Rxh5 Rg1 64. Rh2 Rf1 65.
Rd2+ Ke5 66. Ke7 1-0

[Event "16th EWICC 2015"]
[Site "Kutaisi"]
[Date "2015.06.03"]
[Round "11"]
[White "Paehtz, Elisabeth"]
[Black "Galliamova, Alisa"]
[Result "1-0"]
[ECO "B47"]
[WhiteElo "2473"]
[BlackElo "2478"]
[Annotator "Robot 11"]
[PlyCount "73"]
[EventDate "2015.??.??"]
[EventCountry "GEO"]
[TimeControl "900+10"]

1. e4 c5 2. Nf3 e6 3. d4 cxd4 4. Nxd4 Nc6 5. Nc3 Qc7 6. Nb3 Nf6 7. Bd3 a6 8. f4 b5 9. a3 b4 10. axb4 Nxb4 11. e5 Nfd5 12. Nxd5 Nxd5 13.
O-O f5 14. exf6 Nxf6 15. f5 e5 16. Qe2 Be7 17. Bc4 d5 18. Bb5+ Kf7 19. Bg5 Rd8 20. Kh1 a5 21. Ra4 h6 22. Bh4 Bd7 23. Bxd7 Rxd7 24. Rfa1 e4 25. Nd4 Qf4 26. Bg3 Qg5 27. Rf1 Nh5 28. Be5 Nf6 29. Qb5 Rad8 30.
Ne6 Qd2 31. Nxd8+ Rxd8 32. Qc6 e3 33. Raa1 e2 34. Rfe1 Ne4 35.
Qg6+ Kf8 36. Bxg7+ Kg8 37. Bxh6+ 1-0

[Event "16th EWICC 2015"]
[Site "Kutaisi"]
[Date "2015.06.03"]
[Round "11"]
[White "Stefanova, Antoaneta"]
[Black "Melia, Salome"]
[Result "1/2-1/2"]
[ECO "A08"]
[WhiteElo "2512"]
[BlackElo "2452"]
[Annotator "Robot 11"]
[PlyCount "135"]
[EventDate "2015.??.??"]
[EventCountry "GEO"]
[TimeControl "900+10"]

1. Nf3 Nf6 2. g3 d5 3. Bg2 e6 4. O-O Be7 5. d3 c5 6. Nbd2 Nc6 7. e4 O-O 8.
Re1 b5 9. a4 b4 10. exd5 Nxd5 11. Nc4 Bb7 12. h4 h6 13. a5 Rc8 14. Nfe5 Nxe5 15. Nxe5 Bf6 16. Qh5 Bxe5 17. Qxe5 Qc7 18. c4 bxc3 19. bxc3 Qxe5 20. Rxe5 c4 21. d4 Bc6 22. Bxd5 Bxd5 23. Ba3 Rfd8 24. Bc5 a6 25. Rb1 f6 26. Ree1 Kf7 27. Rb6 Ra8 28. f4 h5 29. Kf2 Kg6 30.
Reb1 Kf5 31. Bd6 Rd7 32. Bc5 Kg4 33. Rb8 Rxb8 34. Rxb8 Rb7 35. Rxb7 Bxb7 36. Bf8 g6 37. Be7 Kf5 38. Ke3 Bd5 39. Bd8 e5 40. dxe5 fxe5 41. fxe5 Kxe5 42. Bc7+ Kf5 43. Kd4 Be6 44. Kc5 Ke4 45. Kc6 Bc8 46. Bf4 Kd3 47.
Be5 Ke4 48. Bg7 Be6 49. Kb7 Kd5 50. Bf8 Bd7 51. Kxa6 Kc6 52. Bb4 Bc8+ 53. Ka7 Bb7 54. Be7 Bc8 55. Bf6 Bb7 56. Kb8 Ba6 57. Bd4 Bb7 58. Ka7 Bc8 59. Be5 Bb7 60. a6 Bc8 61. Bf4 Kb5 62. Kb8 Bxa6 63. Kc7 Kc5 64.
Kd7 Kd5 65. Ke7 Bc8 66. Kf6 Bf5 67. Kf7 Be4 68. Kf6 {Ke5+} 1/2-1/2

[Event "16th EWICC 2015"]
[Site "Kutaisi"]
[Date "2015.06.03"]
[Round "11"]
[White "Tedoshvili, Ana"]
[Black "Khmiadashvili, Tamar"]
[Result "0-1"]
[ECO "A40"]
[WhiteElo "1805"]
[BlackElo "2043"]
[Annotator "Robot 11"]
[PlyCount "44"]
[EventDate "2015.??.??"]
[EventCountry "GEO"]
[TimeControl "900+10"]

1. d4 e6 2. Nf3 f5 3. g3 Nf6 4. Bg2 g6 5. O-O Bg7 6. e3 O-O 7. c4 d6 8. Nc3 c6 9. Qc2 Qe7 10. b3 a5 11. Bb2 Nbd7 12. e4 e5 13. dxe5 Nxe5 14. Nxe5 dxe5 15. Rad1 f4 16. Qd3 Nh5 17. Ne2 g5 18. f3 g4 19. Qd6 Qg5 20.
Bc1 gxf3 21. Rxf3 Bg4 22. Rf2 Rad8 0-1

[Event "16th EWICC 2015"]
[Site "Kutaisi"]
[Date "2015.06.03"]
[Round "11"]
[White "Choladze, Tea"]
[Black "Khomeriki, Ketevan"]
[Result "1-0"]
[ECO "C51"]
[WhiteElo "1755"]
[BlackElo "1861"]
[Annotator "Robot 11"]
[PlyCount "149"]
[EventDate "2015.??.??"]
[EventCountry "GEO"]
[TimeControl "900+10"]

1. e4 e5 2. Nf3 Nc6 3. Bc4 Bc5 4. b4 Bxb4 5. c3 Bc5 6. d4 exd4 7.
O-O Nf6 8. cxd4 Be7 9. e5 Ne4 10. Bd5 Ng5 11. Nxg5 Bxg5 12. f4 Be7 13. f5 d6 14. Qh5 O-O 15. f6 dxe5 16. fxe7 Nxe7 17. Bxf7+ Kh8 18. Qxe5 Nc6 19. Qd5 Qxd5 20. Bxd5 Rxf1+ 21. Kxf1 Nxd4 22. Na3 c6 23. Bb2 Nf5 24. Re1 Bd7 25. Be6 Bxe6 26. Rxe6 Rf8 27. Ke2 h5 28. Nc2 Kh7 29. Nd4 Nh6 30. Re7 Ng4 31. Nf3 Nf6 32. Bxf6 Rxf6 33. Rxb7 a5 34. Ra7 Re6+ 35. Kd3 Rg6 36. g3 Rf6 37. Ng5+ Kg6 38. Rxa5 Rf2 39.
h4 Rf1 40. Rc5 Rd1+ 41. Ke2 Rd6 42. a4 Rd7 43. Rxc6+ Kf5 44. Rc4 Re7+ 45. Kf3 Rb7 46. Rc3 Ra7 47. Ra3 Ra5 48. Ne4 Ke5 49. Nd2 Rd5 50. Nc4+ Kd4 51. Nb6 Rf5+ 52. Kg2 Ra5 53. Rf3 Ra6 54. Rf4+ Kd3 55. Nd7 Ra5 56. Nf8 Rc5 57. Ne6 Rc2+ 58. Rf2 Rc4 59. Nxg7 Rxa4 60. Nxh5 Rc4 61. Nf4+ Ke4 62. h5 Kf5 63. Kh3 Kg5 64. Ra2 Rc1 65. Ra5+ Kh6 66.
g4 Rf1 67. g5+ Kh7 68. Kg4 Rg1+ 69. Kf5 Rb1 70. Ra7+ Kg8 71. Kf6 Rb6+ 72. Ne6 Rb8 73. h6 Re8 74. g6 Rb8 75. Rf7 1-0

[Event "16th EWICC 2015"]
[Site "Kutaisi"]
[Date "2015.06.03"]
[Round "11"]
[White "Giorgadze, Elene"]
[Black "Melashvili, Nino"]
[Result "0-1"]
[ECO "B01"]
[WhiteElo "1185"]
[BlackElo "2173"]
[Annotator "Robot 11"]
[PlyCount "26"]
[EventDate "2015.??.??"]
[EventCountry "GEO"]
[TimeControl "900+10"]

1. e4 d5 2. exd5 Nf6 3. Nc3 Nxd5 4. Nxd5 Qxd5 5. d4 Nc6 6. Nf3 Bg4 7. c3 e5 8. dxe5 Qxd1+ 9. Kxd1 O-O-O+ 10. Kc2 Bf5+ 11. Kb3 Na5+ 12. Ka4 Rd5 13. c4 Bd7# 0-1

[Event "16th EWICC 2015"]
[Site "Kutaisi"]
[Date "2015.06.03"]
[Round "11"]
[White "Petrenko, Svetlana"]
[Black "Lomineishvili, Maia"]
[Result "1/2-1/2"]
[ECO "B01"]
[WhiteElo "2207"]
[BlackElo "2364"]
[Annotator "Robot 11"]
[PlyCount "189"]
[EventDate "2015.??.??"]
[EventCountry "GEO"]
[TimeControl "900+10"]

1. e4 d5 2. exd5 Qxd5 3. Nc3 Qd6 4. d4 c6 5. Nf3 Nf6 6. Be2 Bg4 7. h3 Bh5 8. g4 Bg6 9. Ne5 Nbd7 10. Nxg6 hxg6 11. Be3 Nb6 12. Qd2 O-O-O 13. O-O-O Nbd5 14. Nxd5 Nxd5 15. c4 Nxe3 16. fxe3 e6 17. Bf3 Be7 18.
c5 Qc7 19. Qf2 Bh4 20. Qe2 Bg5 21. Kb1 Kb8 22. Rd3 e5 23. Qg2 exd4 24. exd4 Rhe8 25. d5 cxd5 26. Rxd5 Rxd5 27. Bxd5 Rd8 28. Rd1 Qxc5 29. Qg3+ Qc7 30. Qb3 f6 31. a4 Rd7 32. Re1 a6 33. Re8+ Ka7 34. Ka2 Bc1 35. Re2 Qd6 36. Be4 Bf4 37. Bxg6 Be5 38. Rc2 Qd4 39. Bf5 Rd6 40. Rc4 Qb6 41. Rb4 Qc7 42. Be4 b6 43. Qg8 Rd8 44. Qc4 Rd2 45.
Qxc7+ Bxc7 46. Rc4 Be5 47. Rc2 Rd4 48. Bc6 g5 49. Be8 Rd3 50. Bg6 Rxh3 51. Rd2 Kb7 52. Be4+ Kc7 53. Rc2+ Kd7 54. Rd2+ Ke7 55. Bf5 Rg3 56. Kb1 Rb3 57. Ka2 Rb4 58. b3 Bd4 59. Ka3 Bc5 60. Rd7+ Ke8 61.
Kb2 Rf4 62. Rh7 Be7 63. Rh8+ Bf8 64. Kc3 Kf7 65. Rh7+ Bg7 66.
Rh3 Bf8 67. Rh7+ Bg7 68. Rh3 b5 69. axb5 axb5 70. Rd3 b4+ 71. Kc2 Bf8 72. Rd7+ Ke8 73. Rb7 Bd6 74. Kd3 Be5 75. Be6 Rd4+ 76. Kc2 Kd8 77. Rf7 Rd6 78. Bf5 Rc6+ 79. Kd2 Rc3 80. Rd7+ Ke8 81. Rd3 Bf4+ 82. Ke2 Rc2+ 83. Kf3 Rb2 84. Ke4 Be5 85. Kd5 Bc3 86. Re3+ Kf8 87. Kc4 Rf2 88. Rh3 Ke7 89. Re3+ Kd6 90. Re6+ Kc7 91. Re7+ Kd8 92. Rd7+ Ke8 93. Rh7 Rd2 94. Kc5 Kd8 95. Rh8+ 1/2-1/2

[Event "16th EWICC 2015"]
[Site "Kutaisi"]
[Date "2015.06.03"]
[Round "11"]
[White "Daulyte, Deimante"]
[Black "Charochkina, Daria"]
[Result "0-1"]
[ECO "B18"]
[WhiteElo "2402"]
[BlackElo "2391"]
[Annotator "Robot 11"]
[PlyCount "114"]
[EventDate "2015.??.??"]
[EventCountry "GEO"]
[TimeControl "900+10"]

1. e4 c6 2. d4 d5 3. Nd2 dxe4 4. Nxe4 Bf5 5. Ng3 Bg6 6. Nh3 e6 7. Bc4 Nf6 8. O-O Bd6 9. f4 Qc7 10. Kh1 O-O 11. f5 exf5 12. Nxf5 Nbd7 13. Nxd6 Qxd6 14. Bf4 Qb4 15. Bb3 Nd5 16. c3 Qe7 17. Re1 Qd8 18.
Qf3 N7b6 19. Bg5 Qd7 20. c4 Nb4 21. Qc3 Nd3 22. Re3 Qf5 23. Rd1 Nf2+ 24. Nxf2 Qxg5 25. Ne4 Bxe4 26. Rxe4 Rae8 27. Qe1 Qd8 28. d5 Rxe4 29. Qxe4 cxd5 30. cxd5 Qd6 31. a4 Nd7 32. Qd4 Nc5 33. Bc2 a5 34. Qh4 g6 35. Qd4 Re8 36. Qf2 b6 37. h3 Re5 38. Qf3 Nb7 39. Bb3 Qe7 40.
Qf2 Qb4 41. Qc2 Nd6 42. Rf1 Nf5 43. Kh2 Kg7 44. Rf3 Nd4 45. Qc3 Nxf3+ 46. Qxf3 Qd6 47. Qc3 f6 48. Qg3 h5 49. h4 Kf7 50. Kg1 Kg7 51. Kh2 f5 52. Kh1 f4 53. Qc3 Kh7 54. Ba2 Qe7 55. Qh3 Re3 56. Qc8 Qxh4+ 57. Kg1 Re1# 0-1

[Event "16th EWICC 2015"]
[Site "Kutaisi"]
[Date "2015.06.03"]
[Round "11"]
[White "Khomeriki, Nino"]
[Black "Arakhamia-Grant, Ketevan"]
[Result "1-0"]
[ECO "A05"]
[WhiteElo "2228"]
[BlackElo "2393"]
[Annotator "Robot 11"]
[PlyCount "103"]
[EventDate "2015.??.??"]
[EventCountry "GEO"]
[TimeControl "900+10"]

1. Nf3 Nf6 2. g3 g6 3. b3 Bg7 4. Bb2 O-O 5. Bg2 d6 6. d4 Nbd7 7. O-O e5 8.
dxe5 Ng4 9. c4 Ndxe5 10. Nxe5 Nxe5 11. Nc3 Rb8 12. Qd2 a6 13. Rad1 Be6 14. h3 b5 15. f4 Nd7 16. e4 f6 17. cxb5 axb5 18. Kh2 Re8 19. Nd5 Ra8 20. a3 c6 21. f5 Bxd5 22. exd5 c5 23. fxg6 hxg6 24. g4 Ne5 25. Qc2 Qd7 26. Be4 Re7 27. Bxe5 Rxe5 28. Bxg6 Qe7 29. Rf2 Rxa3 30. Bf5 Bh6 31. Be6+ Kg7 32. Rdf1 Bg5 33. Rf3 Qa7 34. R1f2 Bh4 35. Rg2 Ra1 36. g5 Rxg5 37. Rxg5+ Bxg5 38. Rf2 Qa5 39. Qe4 Qe1 40. Qxe1 Rxe1 41. Ra2 Kg6 42. Ra8 Re2+ 43. Kg3 Re3+ 44. Kg4 Re4+ 45. Kg3 Rb4 46. Rg8+ Kh7 47. Rd8 Bf4+ 48. Kg4 Be5+ 49. Kh5 Rxb3 50. Rd7+ Kh8 51. Kg6 Rg3+ 52. Bg4 1-0

[Event "16th EWICC 2015"]
[Site "Kutaisi"]
[Date "2015.06.03"]
[Round "11"]
[White "Zhukova, Natalia"]
[Black "Gunina, Valentina"]
[Result "1-0"]
[ECO "D11"]
[WhiteElo "2456"]
[BlackElo "2535"]
[Annotator "Robot 11"]
[PlyCount "81"]
[EventDate "2015.??.??"]
[EventCountry "GEO"]
[TimeControl "900+10"]

1. c4 c6 2. d4 d5 3. Nf3 Nf6 4. Qc2 dxc4 5. g3 Bg4 6. Nbd2 e6 7. Bg2 Be7 8. Qxc4 O-O 9. O-O Nbd7 10. Nb3 Rc8 11. Nfd2 a5 12. a4 Bb4 13.
e4 e5 14. Qc2 exd4 15. Nxd4 Ne5 16. N2f3 Nxf3+ 17. Nxf3 Re8 18. Nh4 Qe7 19. h3 Bd7 20. Rd1 Rcd8 21. Be3 Bc8 22. Bb6 Rxd1+ 23. Rxd1 c5 24. Qd3 Qe6 25. Bc7 Qc6 26. e5 Qxc7 27. exf6 g6 28. Bd5 Kf8 29. Nf3 h6 30.
Qc4 Kg8 31. Qh4 Qb6 32. Qxh6 Qxf6 33. Ng5 Re7 34. Qh7+ Kf8 35.
Bxf7 Rxf7 36. Nxf7 Be6 37. Nd6 c4 38. Nxb7 Bg8 39. Rd8+ Qxd8 40. Qh6+ Ke8 41. Nxd8 1-0